 Dungeon Crawl Stone Soup version 0.31-a0-1072-g202bf7ea07 (webtiles) character file.

Game seed: 7991509292415469325

47 kyuthecoffin the Cudgeller (level 3, 0/43 HPs)
             Began as a Human Berserker on Nov 26, 2023.
             Was a Follower of Trog.
             Slain by Ijyb
             ... wielding a +0 club
              (3 damage)
             ... on level 3 of the Dungeon.
             The game lasted 00:22:13 (1187 turns).

kyuthecoffin the Cudgeller (Human Berserker)        Turns: 1187, Time: 00:22:14

Health: 0/43       AC: 11    Str: 19    XL:     3   Next: 97%
Magic:  3/3        EV: 11    Int: 11    God:    Trog [*.....]
Gold:   59         SH:  0    Dex:  8    Spells: 2/2 levels left

rFire   + . .        e - +2 short sword (speed)
rCold   . . .        (no shield)
rNeg    . . .        m - +3 ring mail of the Cobbler {Int+4 Dex-4 Stlth+}
rPois   .            (no helmet)
rElec   .            v - scarf {+Inv}
rCorr   .            (no gloves)
SInv    .            x - +2 pair of boots
Will    .....        (no amulet) Stlth
                     h - ring of protection from fire
HPRegen 0.27/turn    (no ring)
MPRegen 0.08/turn

%: no passive effects
@: berserking, very quick
A: no striking features
a: Renounce Religion, Evoke Invisibility, Berserk


You were on level 3 of the Dungeon.
You worshipped Trog.
Trog was aware of your devotion.
You visited 1 branch of the dungeon, and saw 3 of its levels.

You collected 59 gold pieces.

Inventory:

Hand Weapons
 a - a +0 mace
 e - a +2 short sword of speed (weapon)
 g - a +0 dagger
 o - a +0 sling
 s - a +0 mace
 t - a +0 short sword
 w - a +0 short sword of holy wrath
Missiles
 c - 9 stones
Armour
 b - a +0 animal skin
 f - a +0 robe
 l - a +0 robe
 m - the +3 ring mail of the Cobbler (worn) {Int+4 Dex-4 Stlth+}
   (You found it on level 2 of the Dungeon)

   Int+4:     It affects your intelligence (+4).
   Dex-4:     It affects your dexterity (-4).
   Stlth+:    It makes you more stealthy.
 v - a scarf of invisibility (worn)
 x - a +2 pair of boots (worn)
Jewellery
 h - a ring of protection from fire (left hand)
Scrolls
 d - a scroll of silence {unknown}
 j - a scroll of enchant weapon {unknown}
 k - a scroll of identify {unknown}
 p - a scroll of blinking {unknown}
Potions
 i - 3 potions of curing {unknown}
 n - 2 potions of brilliance {unknown}
 q - a potion of lignification {unknown}
 r - 3 potions of haste {unknown}
 u - a potion of cancellation {unknown}


   Skills:
 + Level 3.5 Fighting
 + Level 0.9 Short Blades
 + Level 3.5 Maces & Flails
 + Level 2.1 Armour
 + Level 2.2 Dodging
 + Level 1.0 Stealth


You had 2 spell levels left.
You didn't know any spells.
Your spell library contained the following spells:

 Spells                   Type           Power      Damage    Failure   Level
 Hailstorm                Conj/Ice       0%         3d3       87%         3
 Summon Ice Beast         Ice/Summ       0%         N/A       99%         4
 Simulacrum               Ice/Necr       0%         N/A       100%        6


Dungeon Overview and Level Annotations

Branches:
Dungeon (3/15)

Altars:
Dithmenos
Kikubaaqudgha
Zin

Annotations:
D:3 3 runed translucent doors, Ijyb; Malachi's ghost, amateur DsFi


Message History

You hit Ijyb.
Ijyb is lightly wounded.
You closely miss Ijyb.
Ijyb is lightly wounded.
Ijyb barely misses you.
You hit Ijyb but do no damage.
Ijyb is lightly wounded.
Ijyb hits you with a +0 club.
You hit Ijyb but do no damage.
Ijyb is lightly wounded.
You hit Ijyb.
Ijyb is moderately wounded.
Ijyb hits you but does no damage.
You hit Ijyb but do no damage.
Ijyb is moderately wounded.
Ijyb hits you but does no damage.
You hit Ijyb but do no damage.
Ijyb is moderately wounded.
You closely miss Ijyb.
Ijyb is moderately wounded.
Ijyb zaps a wand.
The bolt of light hits you!
You are confused.
Ouch! That really hurt!
You are too confused!
You bump into the rock wall.
Ijyb hits you but does no damage.
You bump into the rock wall.
You feel less confused. Ijyb hits you but does no damage.
Ijyb attacks as she pursues you! Ijyb hits you with a +0 club.
* * * LOW HITPOINT WARNING * * *
A red film seems to cover your vision as you go berserk!
You feel yourself moving faster!
You feel mighty!
Ijyb zaps a wand.
The bolt of light hits you!
* * * LOW HITPOINT WARNING * * *
You puncture Ijyb!
Ijyb is heavily wounded.
You hit Ijyb.
Ijyb is severely wounded.
Ijyb hits you with a +0 club.
You die...

#.#....._........+..
#........#.......#####..+..
#......#####.......#....#..
#...... #.#.....#....#..
#...... #.......#....###
#...... ###.....#.....
#......##### #.....#......
#.[....#...###.....#######
#......'.g@.......
.......#...##.....
..######....<...## .
#....#...# .. #....# ....
...## #....# ###
...###....# ...#....#
#.#....#


You could see Ijyb.

Vanquished Creatures
  An adder (D:3)
  2 ufetubi (D:3)
  A worm (D:2)
  2 endoplasms
  2 giant cockroaches
  4 goblins
  2 jackals (D:1)
  A ball python (D:2)
  3 bats (D:2)
  A frilled lizard (D:3)
  3 kobolds
  4 rats
26 creatures vanquished.

Notes
Turn   | Place    | Note
-------+----------+-------------------------------------------
     0 | D:1      | kyuthecoffin the Human Berserker began the quest for the
                  | Orb.
     0 | D:1      | Reached XP level 1. HP: 18/18 MP: 1/1
   113 | D:1      | Reached XP level 2. HP: 22/24 MP: 2/2
   295 | D:2      | Identified the +3 ring mail of the Cobbler {Int+4 Dex-4
                  | Stlth+}
   580 | D:2      | Reached XP level 3. HP: 29/29 MP: 3/3
   900 | D:3      | Reached skill level 1 in Stealth
   932 | D:3      | Found an ancient bone altar of Kikubaaqudgha.
   989 | D:3      | Found a shadowy altar of Dithmenos.
  1013 | D:3      | Found a runed translucent gate.
  1013 | D:3      | Found a runed translucent gate.
  1013 | D:3      | Found a runed translucent gate.
  1019 | D:3      | Noticed a bullfrog
  1019 | D:3      | Noticed Malachi's ghost (amateur DsFi)
  1130 | D:3      | Found a glowing silver altar of Zin.
  1166 | D:3      | Noticed Ijyb
  1185 | D:3      | HP: 2/43 [Ijyb/bolt of light (10)]
  1187 | D:3      | Slain by Ijyb

Illustrated notes

Levels and vault maps discovered:
D:1:      noname_arrival_rooms_in_the_neighbourhood, layout_basic,
          dilly_ecumenical_altar_fadedgnrine
D:2:      layout_basic
D:3:      layout_basic, zin_statuary, grunt_temple_overflow_open,
          gammafunk_ghost_split, uniq_ijyb, uniq_natasha

Skill      XL: |  1  2  3 |
---------------+----------+-----
Stealth        | 1 |  1.0
Fighting       | |  3.5
Short Blades   | |  0.9
Maces & Flails | |  3.5
Armour         | |  2.1
Dodging        | |  2.2

Action                     || total
---------------------------++-------
  Melee: Mace              ||    14
         Short sword       ||    87
 Invoke: Berserk           ||     4
 Armour: Animal skin       ||    13
         Robe              ||    19
         Ring mail         ||    49
  Dodge: Dodged            ||    86

Table legend: (Time is in decaauts)
 A = Elapsed time spent in this place.
 B = Non-inter-level travel time spent in this place.
 C = Inter-level travel time spent in this place.
 D = Time resting spent in this place.
 E = Time spent auto-exploring this place.
 F = Levels seen in this place.
 G = Mean time per level.
                   A        B        C        D        E       F      G
               +--------+--------+--------+--------+--------+-----+--------+
         Total |   1190 |   1190 |      0 |     25 |     31 |   3 |  396.7 |
       Dungeon |   1190 |   1190 |      0 |     25 |     31 |   3 |  396.7 |
               +--------+--------+--------+--------+--------+-----+--------+

Top non-repeatable levels by time:
     D:2: 597 daAuts
     D:3: 308 daAuts
     D:1: 284 daAuts
